 Dungeon Crawl Stone Soup version 0.27-a0-705-ga0013940fb (webtiles) character file.

Game seed: 16074359375950857767

233 jestyr24 the Conjurer (level 5, -1/37 HPs)
             Began as a Demonspawn Conjurer on Mar 22, 2021.
             Slain by an orc priest
             ... wielding a +0 falchion
              (6 damage)
             ... on level 4 of the Dungeon.
             The game lasted 00:17:26 (4990 turns).

jestyr24 the Conjurer (Demonspawn Conjurer)         Turns: 4990, Time: 00:17:26

Health: -1/37      AC:  3    Str:  8    XL:     5   Next: 74%
Magic:  0/9        EV: 12    Int: 20    God:
Gold:   116        SH:  0    Dex: 11    Spells: 6/9 levels left

rFire    . . .     SeeInvis .   k - +0 rapier
rCold    . . .     Faith    .   (no shield)
rNeg     . . .     Spirit   .   a - +0 robe
rPois    .         Reflect  .   (helmet restricted)
rElec    .         Harm     .   f - +0 cloak
rCorr    +         Rampage  .   (no gloves)
Will     .....                  (no boots)
Stlth    ++........             (no amulet)
HPRegen  0.12/turn              n - ring of resist corrosion
MPRegen  0.11/turn              (no ring)

@: lethally poisoned (-1 -> -5)
A: horns 2, talons 1, foul stench 1
a: no special abilities


You were on level 4 of the Dungeon.
You visited 1 branch of the dungeon, and saw 4 of its levels.

You collected 116 gold pieces.

Inventory:

Hand Weapons
 b - a +0 whip
 i - a +0 short sword
 k - a +0 rapier (weapon)
 r - a +0 whip of flaming
Missiles
 e - 99 stones
Armour
 a - a +0 robe (worn)
 f - a +0 cloak (worn)
Jewellery
 n - a ring of resist corrosion (right hand)
Wands
 m - a wand of random effects (19)
Scrolls
 c - 2 scrolls of blinking {unknown}
 d - 4 scrolls of identify {unknown}
 g - 3 scrolls of teleportation {unknown}
 j - a scroll of enchant armour {unknown}
 l - a scroll of immolation {unknown}
 o - a scroll of random uselessness {unknown}
 p - a scroll of summoning {unknown}
 q - a scroll of holy word {unknown}
Potions
 h - 2 potions of mutation {unknown}
 s - a potion of lignification {unknown}


   Skills:
 + Level 1.2 Fighting
 + Level 1.4 Short Blades
 + Level 2.6 Dodging
 + Level 3.1 Stealth
 + Level 2.7 Spellcasting
 + Level 5.1 Conjurations


You had 6 spell levels left.
You knew the following spells:

 Your Spells              Type           Power      Damage    Failure   Level
a - Magic Dart            Conj           92%        1d7       1%          1
b - Searing Ray           Conj           46%        3d4       2%          2

Your spell library contained the following spells:

 Spells                   Type           Power      Damage    Failure   Level
 Dazzling Flash           Conj/Hex       24%        N/A       16%         3
 Fulminant Prism          Conj/Hex       6%         3d7       45%         4
 Iskenderun's Mystic Bla  Conj/Tloc      12%        2d5       45%         4


Dungeon Overview and Level Annotations

Branches:
Dungeon (4/15)
 Temple: D:4-7

Altars:
Sif Muna
Xom

Shops:
D:3 (


Innate Abilities, Weirdness & Mutations

You have a pair of horns on your head.
You have sharp toenails.
You may rarely emit foul miasma when damaged in melee.


Message History

The adder hisses angrily.
The orc wizard casts a spell at itself.
The orc wizard flickers and vanishes!
Deactivating autopickup; reactivate with Ctrl-A.
The orc wizard casts a spell at you. You resist with some effort.
Casting: Searing Ray (safe; 2% risk of failure)
Confirm with . or Enter, or press ? or * to list all spells.
Aiming: Searing Ray (safe; 2% risk of failure)
Press: ? - help, Shift-Dir - straight line, p - orc wizard The searing ray hits the orc wizard.
The orc wizard is heavily wounded.
The searing ray hits something. (Press . to maintain the ray.)
The orc wizard barely misses you.
Casting: Searing Ray (safe; 2% risk of failure)
Confirm with . or Enter, or press ? or * to list all spells.
Aiming: Searing Ray (safe; 2% risk of failure)
Press: ? - help, Shift-Dir - straight line The searing ray hits the orc wizard.
The orc wizard is severely wounded. (Press . to maintain the ray.)
You hear some strange, mumbled words.
Something tries to affect you, but you resist.
The orc wizard hits you with a +0 dagger.
The orc priest hits you with a +0 falchion.
The adder closely misses you.
You hit the orc wizard.
You kill the orc wizard!
The adder bites you.
* * * LOW HITPOINT WARNING * * *
The orc priest closely misses you. The adder bites you.
* * * LOW HITPOINT WARNING * * *
You are poisoned.
The adder poisons you!
You barely miss something.
* * * LOW HITPOINT WARNING * * *
You feel sick.
The orc priest hits you with a +0 falchion.
You die...

## #....# ...
#....# ...
.....# ###.##
#..>.#
#.....##...#
.......#...#
.......#o..+
..._..S@°..###
.......#)<...#
.......#.....#
#.....##.....+
###.## #.....#
... ......#
... ..##.....
.. .. .. .....
... #.! .....+
...


You could see an orc priest and an adder.

Vanquished Creatures
  A water moccasin skeleton (D:3)
  Jessica (D:2)
  An orc wizard (D:4)
  5 adders
  2 adder skeletons
  2 worms (D:2)
  A dart slug (D:1)
  3 orcs
  4 ball pythons
  A bat skeleton (D:2)
  2 bat zombies (D:2)
  2 giant cockroaches
  3 goblins (D:3)
  8 hobgoblins
  4 jackals
  7 oozes
  3 quokkas
  A ball python skeleton (D:2)
  4 bats
  A frilled lizard (D:2)
  6 kobolds
  A quokka zombie (D:2)
  6 rats
69 creatures vanquished.

Vanquished Creatures (others)
  A withered plant (D:2)
1 creature vanquished.

Grand Total: 70 creatures vanquished

Notes
Turn   | Place    | Note
-------+----------+-------------------------------------------
     0 | D:1      | jestyr24 the Demonspawn Conjurer began the quest for the
                  | Orb.
     0 | D:1      | Reached XP level 1. HP: 13/13 MP: 3/3
   741 | D:1      | Gained mutation: You have a pair of small horns on your
                  | head. [demonic ancestry]
   741 | D:1      | Reached XP level 2. HP: 17/19 MP: 1/5
  1035 | D:1      | Learned a level 2 spell: Searing Ray
  1910 | D:2      | Gained mutation: You have a pair of horns on your head.
                  | [demonic ancestry]
  1910 | D:2      | Reached XP level 3. HP: 24/24 MP: 1/6
  2613 | D:2      | Noticed Jessica
  2616 | D:2      | Killed Jessica
  2617 | D:2      | Gained mutation: You may rarely emit foul miasma when
                  | damaged in melee. [demonic ancestry]
  2617 | D:2      | Reached XP level 4. HP: 31/31 MP: 0/7
  2829 | D:2      | Found a shimmering blue altar of Sif Muna.
  3426 | D:3      | Gained mutation: You have sharp toenails. [demonic
                  | ancestry]
  3426 | D:3      | Reached XP level 5. HP: 32/36 MP: 2/8
  3556 | D:3      | Reached skill level 1 in Fighting
  3556 | D:3      | Reached skill level 1 in Short Blades
  3556 | D:3      | Reached skill level 5 in Conjurations
  3886 | D:3      | Found Rilalumyte's Weapon Shoppe.
  4982 | D:4      | Found a shimmering altar of Xom.
  4990 | D:4      | Slain by an orc priest

Illustrated notes

Levels and vault maps discovered:
D:1:      evilmike_arrival_rings, layout_loops_corners
D:2:      layout_basic, nicolae_sif_muna_little_library, serial_undead,
          serial_undead_d, serial_undead_d, serial_undead_c, serial_undead_c,
          dk_noncrumbling_4, uniq_jessica
D:3:      layout_basic, serial_shops, shop
D:4:      layout_gridville, old_standard_altar,
          chequers_temple_overflow_statue_of_worship

Skill      XL: |  1  2  3  4  5 |
---------------+----------------+-----
Stealth        | 2 3 |  3.1
Dodging        | 2 |  2.6
Fighting       | 1 |  1.2
Short Blades   | 1 |  1.4
Conjurations   | 5 |  5.1
Spellcasting   | |  2.7

Action                   |  1- 3 |  4- 6 || total
-------------------------+-------+-------++-------
Melee: Whip              |    35 |       ||    35
       Rapier            |    17 |    34 ||    51
       Headbutt          |     1 |     3 ||     4
       Kick              |       |     2 ||     2
 Cast: Magic Dart        |    44 |    22 ||    66
       Searing Ray       |    10 |    15 ||    25
 Stab: Sleeping          |     5 |     3 ||     8
Armor: Robe              |     7 |     7 ||    14
Dodge: Dodged            |    47 |    31 ||    78

Table legend: (Time is in decaauts)
 A = Elapsed time spent in this place.
 B = Non-inter-level travel time spent in this place.
 C = Inter-level travel time spent in this place.
 D = Time resting spent in this place.
 E = Time spent auto-exploring this place.
 F = Levels seen in this place.
 G = Mean time per level.
                   A        B        C        D        E       F      G
               +--------+--------+--------+--------+--------+-----+--------+
         Total |   5001 |   4897 |    104 |   1837 |   2321 |   4 | 1250.2 |
       Dungeon |   5001 |   4897 |    104 |   1837 |   2321 |   4 | 1250.2 |
               +--------+--------+--------+--------+--------+-----+--------+

Top non-repeatable levels by time:
     D:1: 1891 daAuts
     D:3: 1775 daAuts
     D:2: 1255 daAuts
     D:4: 79 daAuts
